 Dungeon Crawl Stone Soup version 0.32-a0-306-gfed3edf829 (webtiles) character file.

Game seed: 6186678058660792804

3110 Persephone the Cleaver (level 9, -8/66 (74) HPs)
             Began as a Mountain Dwarf Monk on Feb 14, 2024.
             Was a Priest of Beogh.
             Mangled by a wight
             ... wielding a +5 dire flail
              (10 damage)
             ... on level 7 of the Dungeon.
             The game lasted 00:11:22 (6657 turns).

Persephone the Cleaver (Mountain Dwarf Monk)        Turns: 6657, Time: 00:11:23

HP:   -8/66 (74)    AC: 13    Str: 15 (16) XL:     9   Next: 60%
MP:   12/12         EV:  9    Int:  8 (9)  God:    Beogh [***...]
Gold: 369           SH:  4    Dex:  8 (10) Spells: 8/8 levels left

rFire   . . .        o - +2 hand axe of the Several Songs {venom, rElec rC++ Will+ Dex-2}
rCold   + + .        s - +0 buckler
rNeg    . . .        h - +2 scale mail {Will+}
rPois   .            g - +0 helmet
rElec   +            l - +0 cloak {Will+}
rCorr   .            b - +0 pair of gloves
SInv    .            q - +0 pair of boots
Will    +++..        w - amulet of the acrobat Stlth
                     z - ring of flight
HPRegen 0.31/turn    (no ring)
MPRegen 0.13/turn

%: acrobat
@: about to teleport, flying, heavily drained
A: runic magic, artefact enchanting, dopey 1, screaming 1, weak 1
a: Renounce Religion, Smiting


You were on level 7 of the Dungeon.
You worshipped Beogh.
Beogh was most pleased with you.
You visited 2 branches of the dungeon, and saw 8 of its levels.

You collected 369 gold pieces.

Inventory:

Hand Weapons
 o - the +2 hand axe of the Several Songs (weapon) {venom, rElec rC++ Will+ Dex-2}
   (You found it on level 2 of the Dungeon)

   Dex-2:     It affects your dexterity (-2).
   rC++:      It greatly protects you from cold.
   rElec:     It insulates you from electricity.
   Will+:     It increases your willpower.
Armour
 b - a +0 pair of gloves (worn)
 g - a +0 helmet (worn)
 h - a +2 scale mail of willpower (worn)
 l - a +0 cloak of willpower (worn)
 q - a +0 pair of boots (worn)
 s - a +0 buckler (worn)
Jewellery
 w - an amulet of the acrobat (around neck)
 z - a ring of flight (left hand)
Wands
 d - a wand of mindburst (7)
Scrolls
 c - a scroll of enchant armour
 e - a scroll of vulnerability
 f - a scroll of teleportation
 i - a scroll of immolation
 k - a scroll of revelation
 n - 2 scrolls of amnesia
Potions
 a - a potion of magic
 p - 2 potions of brilliance


   Skills:
 + Level 5.1 Fighting
 - Level 14.0 Axes
 + Level 3.6 Armour
 - Level 2.1 Dodging
 + Level 3.5 Shields
 + Level 4.3 Invocations


You had 8 spell levels left.
You didn't know any spells.
Your spell library contained the following spells:

 Spells                   Type           Power      Damage    Failure   Level
 Freeze                   Ice            0%         1d3       61%         1
 Scorch                   Fire           0%         2d5       75%         2
 Static Discharge         Conj/Air       0%         3-3/arc   75%         2
 Frozen Ramparts          Ice            0%         1d1       93%         3
 Hailstorm                Conj/Ice       0%         3d5       93%         3
 Airstrike                Air            0%         2d(0-16)  100%        4
 Flame Wave               Conj/Fire      0%         2d4       100%        4
 Summon Lightning Spire   Summ/Air       0%         N/A       100%        4
 Summon Cactus Giant      Summ           0%         N/A       100%        6


Dungeon Overview and Level Annotations

Branches:
Dungeon (7/15)             Temple (1/1) D:6

Altars:
Ashenzari
Cheibriados
Fedhas
Gozag
Kikubaaqudgha
Makhleb
Nemelex Xobeh
Okawaru
Qazlal
Ru
Sif Muna
Trog
Vehumet
Wu Jian
Yredelemnul
Zin
The Shining One

Annotations:
D:3 3 runed translucent doors, Splishie's ghost, amateur DrSh


Innate Abilities, Weirdness & Mutations

Your facial features look somewhat orcish.
Your spellcasting is much less encumbered by armour.
You can use scrolls of enchantment on lesser artefacts.
You are dopey. (Int -2)
You occasionally shout uncontrollably at your foes.
You are weak. (Str -2)


Message History

The wight is heavily damaged.
You slash the wight!
You destroy the wight!
Beogh accepts your kill.
You hit the wight but do no damage. x2
You barely miss the wight.
The wight is heavily damaged.
You hit the wight but do no damage. You hit the wight.
The wight closely misses you.
The wight hits you but does no damage. x2
Unknown command.
You hit the wight.
The wight is severely damaged.
You barely miss the wight. x2; The wight barely misses you.
The wight hits you with a +5 dire flail!
* * * LOW HITPOINT WARNING * * *
You feel drained.
* * * LOW HITPOINT WARNING * * *
The wight hits you with a +0 scimitar.
* * * LOW HITPOINT WARNING * * *
You feel drained.
You completely miss the wight.
The wight is severely damaged.
You hit the wight but do no damage. You barely miss the wight.
Unknown command.
As you read the scroll of teleportation, it crumbles to dust.
You feel strangely unstable. The wight hits you with a +0 scimitar.
* * * LOW HITPOINT WARNING * * *
The wight hits you with a +5 dire flail.
* * * LOW HITPOINT WARNING * * *
The wight hits you with a +0 scimitar.
* * * LOW HITPOINT WARNING * * *
You feel drained.
* * * LOW HITPOINT WARNING * * *
Okay, then.
It was a potion of degeneration.
There was something very wrong with that liquid.
You feel weakened.
You feel dopey.
You feel clumsy. The wight closely misses you.
The wight hits you with a +5 dire flail!
You die...

...#... ....... ....
.#..... ..... .......
#........##. .....#
#.......... ....#
#.........# ##z...#
#......#.####@z...#
#...#......$.)z##.#
####.#.#..##)........#
.....#....##......#...#
.....#.......?..........
.....#..#.##$.)....)#.##
........#<##.$.?....#.#
.....#....##........# .
.....##..###........#


You could see 3 wights.

Vanquished Creatures
  Jeremiah (D:6)
  6 yaks (D:5)
  A wyvern (D:6)
  A steam dragon (D:6)
  Edmund (D:6)
  An orc warrior (D:6)
  3 ogres
  A centaur (D:6)
  2 phantoms
  A bullfrog (D:7)
  Blork the orc (D:6)
  A water moccasin zombie (D:5)
  2 wights (D:7)
  4 bombardier beetles
  Crazy Yiuf (D:6)
  6 hounds
  2 jellies (D:6)
  5 orc wizards
  A howler monkey zombie (D:5)
  4 gnolls
  5 adders
  A shadow imp (D:6)
  A white imp (D:7)
  A dart slug (D:3)
  2 ribbon worms
  8 orcs
  6 endoplasms
  3 giant cockroaches (D:1)
  3 hobgoblins (D:1)
  9 jackals
  2 quokkas
  6 ball pythons
  3 bats
  A frilled lizard (D:1)
  6 goblins
  2 kobolds
  3 rats
107 creatures vanquished.

Notes
Turn   | Place    | Note
-------+----------+-------------------------------------------
     0 | D:1      | Persephone the Mountain Dwarf Monk began the quest for the
                  | Orb.
     0 | D:1      | Reached XP level 1. HP: 19/19 MP: 1/1
   143 | D:1      | Reached skill level 4 in Axes
   146 | D:1      | Reached XP level 2. HP: 24/26 MP: 2/2
   355 | D:1      | Reached skill level 5 in Axes
   357 | D:1      | Reached XP level 3. HP: 28/31 MP: 3/3
   893 | D:2      | Identified the +1 hand axe of the Several Songs {venom,
                  | rElec rC++ Will+ Dex-2}
  1207 | D:2      | Reached skill level 6 in Axes
  1207 | D:2      | Reached XP level 4. HP: 37/38 MP: 4/4
  1947 | D:3      | Found a runed translucent gate.
  1948 | D:3      | Found a runed translucent gate.
  1950 | D:3      | Found a runed translucent gate.
  1964 | D:3      | Noticed Splishie's ghost (amateur DrSh)
  2092 | D:3      | Found a sparkling altar of Nemelex Xobeh.
  2121 | D:3      | Reached XP level 5. HP: 41/45 MP: 5/5
  2150 | D:3      | Reached skill level 7 in Axes
  2565 | D:4      | Became a worshipper of Beogh the Shepherd
  2565 | D:4      | Reached * piety under Beogh
  2565 | D:4      | Reached ** piety under Beogh
  3052 | D:5      | Entered Level 5 of the Dungeon
  3117 | D:5      | Reached skill level 8 in Axes
  3157 | D:5      | Noticed an ogre
  3178 | D:5      | Reached XP level 6. HP: 42/51 MP: 6/6
  3182 | D:5      | HP: 2/51 [ogre/+0 giant club (20)]
  3488 | D:5      | Found a radiant altar of Vehumet.
  3509 | D:5      | Noticed a yak
  3509 | D:5      | Noticed a yak
  3531 | D:5      | Reached skill level 9 in Axes
  3531 | D:5      | Noticed a yak
  3533 | D:5      | Noticed a yak
  3535 | D:5      | Noticed a yak
  3538 | D:5      | Noticed a yak
  3540 | D:5      | Killed a yak
  3541 | D:5      | Reached XP level 7. HP: 33/57 MP: 7/7
  3766 | D:5      | Killed a yak
  3767 | D:5      | Reached skill level 10 in Axes
  3772 | D:5      | Killed a yak
  3773 | D:5      | Reached skill level 11 in Axes
  3774 | D:5      | Gained mutation: You are weak. (Str -2) [potion of
                  | mutation]
  3774 | D:5      | Gained mutation: You occasionally shout uncontrollably at
                  | your foes. [potion of mutation]
  3774 | D:5      | Gained mutation: You are dopey. (Int -2) [potion of
                  | mutation]
  3788 | D:5      | Killed a yak
  3808 | D:5      | Killed a yak
  3809 | D:5      | Reached skill level 12 in Axes
  3809 | D:5      | Reached XP level 8. HP: 40/63 MP: 8/8
  4183 | D:5      | Found a basalt altar of Yredelemnul.
  4318 | D:5      | Reached skill level 13 in Axes
  4882 | D:6      | Noticed Edmund
  4898 | D:6      | Killed Edmund
  5095 | D:6      | Found a staircase to the Ecumenical Temple.
  5117 | D:6      | Reached skill level 14 in Axes
  5210 | D:6      | Found a snail-covered altar of Cheibriados.
  5241 | D:6      | Found a glowing golden altar of the Shining One.
  5241 | D:6      | Found a bloodstained altar of Trog.
  5265 | D:6      | Noticed Blork the orc
  5265 | D:6      | Noticed Jeremiah
  5282 | D:6      | Killed Blork the orc
  5348 | Temple   | Entered the Ecumenical Temple
  5439 | D:6      | Killed Jeremiah
  5440 | D:6      | Reached skill level 1 in Armour
  5440 | D:6      | Reached skill level 1 in Shields
  5440 | D:6      | Reached XP level 9. HP: 17/71 MP: 5/10
  5848 | D:6      | Found a blossoming altar of Fedhas.
  6038 | D:6      | Found a sacrificial altar of Ru.
  6041 | D:6      | Found an opulent altar of Gozag.
  6146 | D:6      | Found a runed translucent door.
  6148 | D:6      | Noticed Crazy Yiuf
  6206 | D:6      | Found an ornate altar of the Wu Jian Council.
  6513 | D:6      | Killed Crazy Yiuf
  6626 | D:7      | Reached *** piety under Beogh
  6627 | D:7      | Reached skill level 5 in Fighting
  6656 | D:7      | HP: 3/67 [wight/+0 scimitar (3)]
  6657 | D:7      | Mangled by a wight

Illustrated notes

Levels and vault maps discovered:
D:1:      minmay_arrival_open_corners, layout_basic, chequers_decorated_corner
D:2:      layout_loops_ring, hangedman_decor_points
D:3:      layout_rooms, mainiacjoe_overflow_cross_hatched, gammafunk_ghost_split
D:4:      layout_loops_ring
D:5:      layout_basic, lemuel_zombie_altar_yredelemnul, kennysheep_mini_moat
D:6:      layout_rooms, slow_altar_1, nicolae_wu_jian_immortal_techniques,
          nicolae_overflow_hidden_temple, fedhas_altar_decomposition,
          minmay_temple_entry_antechambers, uniq_crazy_yiuf_cottage,
          uniq_blork_the_orc, uniq_edmund, uniq_jeremiah
D:7:      layout_rooms, elyvilon_altar_4,
          mainiacjoe_overflow_concentric_impassable, uniq_duvessa
Temple:   hellmonk_temple_beads

Skill      XL: |  1  2  3  4  5  6  7  8  9 |
---------------+----------------------------+-----
Axes           | 4 5 6 8 9 12 14 | 14.0
Armour         | 1 3 |  3.6
Shields        | 1 3 |  3.5
Invocations    | 2 4 |  4.3
Fighting       | 5 |  5.1
Dodging        | |  2.1

Action                     |  1- 3 |  4- 6 |  7- 9 || total
---------------------------+-------+-------+-------++-------
  Melee: Hand axe          |    82 |   104 |   291 ||   477
 Invoke: Convert to Beogh  |       |     1 |       ||     1
         Smiting           |       |       |     3 ||     3
    Use: Scroll            |     4 |     6 |     8 ||    18
         Potion            |       |     1 |    10 ||    11
 Armour: Leather armour    |    50 |    11 |       ||    61
         Scale mail        |       |    57 |   158 ||   215
  Dodge: Dodged            |    56 |    45 |    90 ||   191
  Block: Buckler           |       |    12 |    25 ||    37

Table legend: (Time is in decaauts)
 A = Elapsed time spent in this place.
 B = Non-inter-level travel time spent in this place.
 C = Inter-level travel time spent in this place.
 D = Time resting spent in this place.
 E = Time spent auto-exploring this place.
 F = Levels seen in this place.
 G = Mean time per level.
                   A        B        C        D        E       F      G
               +--------+--------+--------+--------+--------+-----+--------+
         Total |   6550 |   6150 |    400 |      0 |   5099 |   8 |  818.8 |
       Dungeon |   6475 |   6075 |    400 |      0 |   5026 |   7 |  925.0 |
        Temple |     75 |     75 |      0 |      0 |     73 |   1 |   75.0 |
               +--------+--------+--------+--------+--------+-----+--------+

Top non-repeatable levels by time:
     D:6: 1605 daAuts
     D:5: 1589 daAuts
     D:2: 987 daAuts
     D:4: 896 daAuts
     D:1: 835 daAuts
     D:3: 503 daAuts
  Temple: 75 daAuts
     D:7: 58 daAuts
